 Dungeon Sprint DCSS version 0.18-a0-33-g9e10395 (console) character file.

54 Kellhus the Demonic Catastrophe (level 5, -18/41 HPs)
             Began as a Demonspawn Monk on Nov 5, 2015.
             Was an Elder of Qazlal.
             Killed by an exploding giant spore (31 damage)
             ... in the Dungeon (Sprint VI: "Thunderdome").
             The game lasted 00:02:38 (473 turns).

Kellhus the Demonic Catastrophe (Demonspawn Monk)    Turns: 473, Time: 00:02:39

Health: -18/41     AC:  2    Str: 12    XL:     5   Next: 76%
Magic:  2/12       EV: 13    Int: 11    God:    Qazlal [****..]
Gold:   200        SH:  0    Dex: 16    Spells: 0 memorised, 4 levels left

rFire  . . .     SeeInvis .       - Unarmed
rCold  . . .     Clarity  .     a - +0 robe
rNeg   . . .     SustAt   .     (no shield)
rPois  .         Gourm    .     (no helmet)
rElec  .         Spirit   .     (no cloak)
rCorr  .         Warding  .     (no gloves)
rMut   .         NoTele   +     (no boots)
MR     .....                    (no amulet)
Stlth  +.........               (no ring)
                                (no ring)

@: confused, repel missiles, not resistant to hostile enchantments, very
unstealthy
A: spiny 1, rot immunity
a: Upheaval, Elemental Force, Renounce Religion


You were in the Dungeon.
You worshipped Qazlal.
Qazlal was greatly pleased with you.
You were not hungry.

You visited 1 branch You collected 200 gold pieces.

Inventory:

Armour
 a - a +0 robe (worn)
Wands
 j - a wand of cold (3)
 k - a wand of fire (5)
Scrolls
 h - 4 scrolls of blinking
 l - 3 scrolls of fog
Potions
 d - 2 potions of heal wounds
 e - 4 potions of haste
 f - 2 potions of magic
 g - a potion of berserk rage
 i - a potion of resistance
Comestibles
 b - a bread ration


   Skills:
 - Level 3.0 Fighting
 - Level 2.6 Dodging
 - Level 1.7 Stealth
 + Level 8.6 Unarmed Combat
 + Level 10.8 Invocations


You had 4 spell levels left.
You didn't know any spells.

Dungeon Overview and Level Annotations

Branches:
Dungeon (1/1)

Altars:
Cheibriados
Dithmenos
Fedhas
Gozag
Kikubaaqudgha
Makhleb
Okawaru
Qazlal
Ru
Sif Muna
Trog
Vehumet
Xom
Yredelemnul
Zin
The Shining One
Jiyva
Lugonu

Shops:
D *[%??*?*:[((!!!!


Innate Abilities, Weirdness & Mutations

You are partially covered in sharp spines.
You are immune to rotting.


Message History

The explosion of spores engulfs the giant spore.
The giant spore explodes!
The explosion of spores engulfs the giant spore.
The giant spore explodes!
The explosion of spores engulfs the ballistomycete.
The explosion of spores engulfs the giant spore.
The giant spore explodes!
A fungus suddenly grows.
The explosion of spores engulfs the ballistomycete. x5
A fungus suddenly grows.
The explosion of spores engulfs the ballistomycete. x4
The explosion of spores engulfs the giant spore.
The giant spore explodes!
The explosion of spores engulfs the ballistomycete. x25
A fungus suddenly grows.
The explosion of spores engulfs the ballistomycete.
The explosion of spores engulfs you!
You are confused.
Ouch! That really hurt!
You die...

#####
##⌠P@##
#...§P#
##.§.P.##
##P.P...P##


#P.PPPPPPP# #PPP..PPP.# #PPPPPP.PP# #PPPP*PPPP# ###.PPPPPP.P### There were no
monsters in sight!

Vanquished Creatures
  2 spiders (D)
  4 adders (D)
  A worm (D)
  A ball python (D)
  3 giant cockroaches (D)
  5 ballistomycetes (D)
  2 giant spores (D)
18 creatures vanquished.

Vanquished Creatures (others)
  638 giant spores (D)
638 creatures vanquished.

Grand Total: 656 creatures vanquished

Notes
Turn   | Place    | Note
--------------------------------------------------------------
     0 | D        | Kellhus the Demonspawn Monk began the quest for the Orb.
     0 | D        | Reached XP level 1. HP: 18/18 MP: 1/1
     3 | D        | Found a glowing silver altar of Zin.
     4 | D        | Found a shimmering altar of Xom.
     4 | D        | Found a stormy altar of Qazlal.
     5 | D        | Found a deep blue altar of Sif Muna.
     5 | D        | Found a radiant altar of Vehumet.
     5 | D        | Round 1.
     6 | D        | Found an ancient bone altar of Kikubaaqudgha.
     6 | D        | Found a sacrificial altar of Ru.
     6 | D        | Found Gugeraq's Weapon Rack.
     6 | D        | Found Acif's Premium Goods.
     7 | D        | Found Ruluex's Basic Armour.
     7 | D        | Found Rixtuf's Miscellaneous Merchandise.
    12 | D        | Became a worshipper of Qazlal Stormbringer
    12 | D        | Reached * piety under Qazlal
    12 | D        | Reached ** piety under Qazlal
    17 | D        | Found a burning altar of Makhleb.
    20 | D        | Found Womie's Identification Station.
    20 | D        | Found a blossoming altar of Fedhas.
    20 | D        | Found a shadowy altar of Dithmenos.
    20 | D        | Found a glowing golden altar of the Shining One.
    20 | D        | Found Yleolo's Bee Food.
    21 | D        | Found Qihor Seuv's Advanced Armour.
    21 | D        | Found Nypeon's Jewellery.
    24 | D        | Found a snail-covered altar of Cheibriados.
    26 | D        | Found a viscous altar of Jiyva.
    27 | D        | Found Dabuestre's Magic Scroll Shop.
    30 | D        | Reached skill level 4 in Unarmed Combat
    31 | D        | Found Qeodgh's Magic Scroll Shop.
    31 | D        | Found Tokooqots's Must-Have Magic.
    34 | D        | Found a bloodstained altar of Trog.
    34 | D        | Found an opulent altar of Gozag.
    34 | D        | Found Tyusomag's Staff Store.
    51 | D        | Gained mutation: You are immune to rotting. [demonic ancestry]
    51 | D        | Reached XP level 2. HP: 13/24 MP: 2/4
    83 | D        | Found a corrupted altar of Lugonu.
    85 | D        | Found an iron altar of Okawaru.
    86 | D        | Found Ziex's Distillery.
    87 | D        | Found Nietta's Distillery.
    87 | D        | Found Fifuont's Bottled Wisdom.
    87 | D        | Found a basalt altar of Yredelemnul.
    87 | D        | Found Zujum's Do-It-Yourself Clinic.
   106 | D        | Reached *** piety under Qazlal
   106 | D        | Reached skill level 5 in Unarmed Combat
   106 | D        | Reached skill level 5 in Invocations
   147 | D        | Arena points: 12 (+12) [x2]
   147 | D        | Reached XP level 3. HP: 8/29 MP: 7/7
   203 | D        | Round 2.
   286 | D        | Reached **** piety under Qazlal
   286 | D        | Reached skill level 6 in Invocations
   331 | D        | Noticed a spider
   332 | D        | Noticed a spider
   332 | D        | Killed a spider
   332 | D        | Reached skill level 7 in Unarmed Combat
   332 | D        | Reached skill level 9 in Invocations
   332 | D        | Reached XP level 4. HP: 24/35 MP: 7/10
   332 | D        | Gained mutation: You are partially covered in sharp spines. [demonic ancestry]
   332 | D        | Reached XP level 5. HP: 28/41 MP: 7/11
   342 | D        | Killed a spider
   342 | D        | Arena points: 54 (+42) [x3]
   342 | D        | Reached skill level 10 in Invocations
   385 | D        | HP: 2/41 [poisoned by a spider]
   406 | D        | Round 3.
   473 | D        | Killed by an exploding giant spore

Vault maps used:
D:        arena_sprint

Action                   |  1- 3 |  4- 6 || total
-------------------------+-------+-------++-------
Melee: Unarmed           |    45 |     6 ||    51
Invok: Upheaval          |       |     3 ||     3
Evoke: Wand              |     1 |     1 ||     2
  Use: Potion            |     1 |     2 ||     3
